 Dungeon Crawl Stone Soup version 0.30-a0-137-gd8773701ce (webtiles) character file.

Game seed: 13768100794857099044

13626 billz999 the Cleaver (level 12, -1/99 HPs)
             Began as a Human Berserker on Sept 21, 2022.
             Was a Priest of Trog.
             Slain by a seven-headed hydra (6 damage)
             ... on level 2 of the Lair of Beasts.
             The game lasted 00:29:24 (12680 turns).

billz999 the Cleaver (Human Berserker)             Turns: 12680, Time: 00:29:24

Health: -1/99      AC: 19    Str: 22    XL:     12   Next: 35%
Magic:  12/12      EV: 13    Int: 10    God:    Trog [***...]
Gold:   698        SH:  0    Dex: 13    Spells: 11/11 levels left

rFire   . . .      SeeInvis .    D - +7 hand axe "Zippog" {speed, Drain rPois rN++ Int+2}
rCold   . . .      Faith    .    (no shield)
rNeg    + + .      Spirit   .    f - +0 plate armour
rPois   +          Reflect  .    g - +2 helmet
rElec   .          Harm     .    E - +1 cloak {Will+}
rCorr   +          Rampage  .    (no gloves)
Will    +....                    m - +0 pair of boots
Stlth   ..........               O - amulet of magic regeneration
HPRegen 0.26/turn                J - +4 ring of evasion
MPRegen 0.53/turn                h - ring of resist corrosion

@: about to teleport
A: no striking features
a: Renounce Religion, Berserk, Trog's Hand


You were on level 2 of the Lair of Beasts.
You worshipped Trog.
Trog was most pleased with you.
You visited 2 branches of the dungeon, and saw 12 of its levels.

You collected 805 gold pieces.
You spent 107 gold pieces at shops.

Inventory:

Hand Weapons
 D - the +7 hand axe "Zippog" (weapon) {speed, Drain rPois rN++ Int+2}
   (You found it on level 6 of the Dungeon)

   Attacks with this weapon are significantly faster.
   Int:       It affects your intelligence (+2).
   rPois:     It protects you from poison.
   rN:        It greatly protects you from negative energy.
   Drain:     It drains your maximum health when unequipped.
 L - a +0 battleaxe of distortion
Missiles
 d - 19 boomerangs (quivered)
Armour
 f - a +0 plate armour (worn)
 g - a +2 helmet (worn)
 m - a +0 pair of boots (worn)
 E - a +1 cloak of willpower (worn)
 M - +0 acid dragon scales
Jewellery
 c - a ring of protection from fire
 h - a ring of resist corrosion (right hand)
 p - a ring of poison resistance
 v - a ring of flight
 C - a ring of protection from cold
 J - a +4 ring of evasion (left hand)
 N - a ring of protection from fire
 O - an amulet of magic regeneration (around neck)
 T - a +6 ring of intelligence
 U - an amulet of faith
Wands
 B - a wand of flame (42)
 G - a wand of light (8)
 I - a wand of mindburst (3)
 P - a wand of iceblast (5)
 W - a wand of polymorph (5)
Scrolls
 b - 4 scrolls of vulnerability {unknown}
 j - a scroll of poison {unknown}
 k - 5 scrolls of noise
 l - 7 scrolls of teleportation
 n - 3 scrolls of butterflies
 q - a scroll of magic mapping
 r - 4 scrolls of immolation
 t - 2 scrolls of enchant armour {unknown}
 u - a scroll of brand weapon {unknown}
 x - 2 scrolls of identify
 y - a scroll of blinking {unknown}
 H - 2 scrolls of enchant weapon {unknown}
 R - 2 scrolls of amnesia {unknown}
 S - a scroll of torment {unknown}
Potions
 a - a potion of attraction {unknown}
 e - 10 potions of curing
 i - 2 potions of heal wounds {unknown}
 o - a potion of ambrosia {unknown}
 s - 4 potions of degeneration {unknown}
 w - 3 potions of brilliance {unknown}
 z - a potion of resistance {unknown}
 A - a potion of lignification {unknown}
 F - a potion of cancellation {unknown}
 K - 2 potions of haste {unknown}
 Q - 3 potions of berserk rage {unknown}
 V - 2 potions of flight {unknown}


   Skills:
 + Level 10.6 Fighting
 * Level 10.6(11.6) Axes
 - Level 7.4(10.1) Maces & Flails
 - Level 5.2 Throwing
 + Level 6.6 Armour
 + Level 6.6 Dodging


You had 11 spell levels left.
You didn't know any spells.
Your spell library was empty.

Dungeon Overview and Level Annotations

Branches:
Dungeon (10/15)            Temple (0/1) D:7            Lair (2/5) D:9
    Orc (0/2) D:10
  Swamp: Lair:2-3    Shoals: Lair:2-3     Snake: Lair:2-3    Spider: Lair:2-3

Altars:
Elyvilon
Fedhas
Makhleb
Nemelex Xobeh
Ru
Trog
Uskayaw
Yredelemnul
The Shining One

Shops:
D:3 (([[


Message History

The seven-headed hydra attacks as you move away!
The seven-headed hydra closely misses you.
The seven-headed hydra barely misses you.
The seven-headed hydra closely misses you.
The seven-headed hydra bites you but does no damage.
The seven-headed hydra bites you!
The seven-headed hydra bites you but does no damage.
The seven-headed hydra closely misses you.
The seven-headed hydra attacks as you move away!
The seven-headed hydra misses you.
The seven-headed hydra bites you but does no damage. x2
The seven-headed hydra bites you. x2; The seven-headed hydra bites you!
The seven-headed hydra bites you but does no damage.
The seven-headed hydra attacks as you move away!
The seven-headed hydra bites you. x2
The seven-headed hydra bites you but does no damage.
The seven-headed hydra completely misses you.
The seven-headed hydra bites you!
* * * LOW HITPOINT WARNING * * *
The seven-headed hydra barely misses you.
The seven-headed hydra bites you but does no damage.
There is a stone staircase leading up, spattered with blood here.
As you read the scroll labelled EZAXUHECHI, it crumbles to dust.
You feel strangely unstable.
It was a scroll of teleportation.
The seven-headed hydra misses you.
The seven-headed hydra closely misses you. x2
The seven-headed hydra bites you but does no damage.
The seven-headed hydra bites you!
* * * LOW HITPOINT WARNING * * *
The seven-headed hydra bites you but does no damage.
The seven-headed hydra closely misses you.
As you read the scroll labelled SEODIUHOWUL, it crumbles to dust.
You hear the tinkle of a tiny bell.
It was a scroll of butterflies.
The seven-headed hydra closely misses you.
The seven-headed hydra bites you!
* * * LOW HITPOINT WARNING * * *
The seven-headed hydra bites you but does no damage.
The seven-headed hydra completely misses you.
The seven-headed hydra bites you.
You die...

.⌠....# .⌠....###
♣♣♣bb...#.# ♣♣♣
♣♣♣♣♣♣.........##
.P♣♣♣♣♣♣♣♣.b.....b.b.b...##
......♣......bbbbb........#
.....♣#.......bbbbb.b....#
..............bD@bb..b...#
>...........b.bbbbbb....P#
.....#.#...bb.bbb.b.b...##
...##.###.....bbb...b...#
...####.......b........P#
..## ###......b......P.#
.## ###..........#### .#
#### #...........# .##...##
##..........#


You could see a seven-headed hydra (ally target).

Vanquished Creatures
  4 two-headed ogres
  2 tengu warriors (D:10)
  Pikel (D:5)
  A black mamba (Lair:1)
  2 cane toads (Lair:1)
  An unseen horror (D:10)
  Joseph (D:7)
  3 komodo dragons
  A rime drake (Lair:1)
  Grinder (D:5)
  A slime creature (D:10)
  7 yaks (D:9)
  A wyvern (Lair:1)
  A basilisk (Lair:1)
  Eustachio (D:6)
  Menkaure (D:7)
  3 steam dragons
  2 acid dragons
  8 water moccasins
  2 orc warriors
  3 ice beasts
  2 black bears
  2 ogres
  3 centaurs
  14 bullfrogs
  A kobold brigand (D:7)
  A scorpion (D:5)
  4 wights (D:8)
  10 killer bees
  4 howler monkeys
  A hound (D:4)
  2 orc priests (D:10)
  3 jellies
  Crazy Yiuf (D:6)
  2 gnoll boudas
  4 iguanas
  Jessica (D:2)
  9 orc wizards
  10 adders
  11 gnolls
  A shadow imp (D:7)
  A white imp (D:7)
  An ufetubus (D:5)
  A worm (D:2)
  4 dart slugs
  53 orcs
  A ball python (D:1)
  7 endoplasms
  2 giant cockroaches
  2 goblins
  7 hobgoblins
  7 jackals
  11 kobolds
  2 quokkas
  6 bats
  2 frilled lizards
  2 rats (D:2)
242 creatures vanquished.

Vanquished Creatures (others)
  52 fungi (D:9)
  48 plants (D:9)
100 creatures vanquished.

Grand Total: 342 creatures vanquished

Notes
Turn   | Place    | Note
-------+----------+-------------------------------------------
     0 | D:1      | billz999 the Human Berserker began the quest for the Orb.
     0 | D:1      | Reached XP level 1. HP: 18/18 MP: 1/1
   292 | D:1      | Reached XP level 2. HP: 24/24 MP: 2/2
   522 | D:1      | Found a faded altar of an unknown god.
   819 | D:2      | Reached XP level 3. HP: 28/29 MP: 3/3
  1365 | D:2      | Reached XP level 4. HP: 35/35 MP: 4/4
  1382 | D:2      | Noticed Jessica
  1386 | D:2      | Killed Jessica
  1423 | D:3      | Found Pobamowaa's Weapon Shoppe.
  1588 | D:3      | Found Jeomuul's Armour Emporium.
  1598 | D:3      | Bought a +0 pair of boots for 58 gold pieces
  1681 | D:3      | Reached XP level 5. HP: 23/31 MP: 5/5
  1793 | D:3      | Reached ** piety under Trog
  1921 | D:3      | Reached skill level 5 in Axes
  1987 | D:3      | Found Jeaqynag's Armour Shoppe.
  2018 | D:3      | Found Kyreb's Weapon Shoppe.
  2021 | D:3      | Bought a +0 war axe for 49 gold pieces
  2340 | D:3      | Found a sparkling altar of Nemelex Xobeh.
  2787 | D:4      | Noticed an ogre
  2799 | D:4      | Reached XP level 6. HP: 46/46 MP: 6/6
  2801 | D:4      | Killed an ogre
  2979 | D:4      | Found a sacrificial altar of Ru.
  3072 | D:4      | Reached skill level 1 in Maces & Flails
  3388 | D:4      | Reached XP level 7. HP: 55/55 MP: 7/7
  3676 | D:5      | Entered Level 5 of the Dungeon
  3692 | D:5      | Reached skill level 5 in Fighting
  3833 | D:5      | Noticed a water moccasin
  3844 | D:5      | Killed a water moccasin
  4110 | D:5      | Found a basalt altar of Yredelemnul.
  4180 | D:5      | Reached XP level 8. HP: 28/63 MP: 8/8
  4444 | D:5      | Noticed Pikel
  4445 | D:5      | Noticed Grinder
  4466 | D:5      | Killed Pikel
  4467 | D:5      | Reached skill level 5 in Maces & Flails
  4473 | D:5      | Killed Grinder
  4474 | D:5      | Reached XP level 9. HP: 71/71 MP: 9/9
  4610 | D:5      | Found a blossoming altar of Fedhas.
  4790 | D:5      | Found a glowing golden altar of the Shining One.
  5406 | D:6      | Identified the +7 hand axe "Zippog" {speed, Drain rPois
                  | rN++ Int+2}
  5433 | D:6      | Found a hide-covered altar of Uskayaw.
  5437 | D:6      | Noticed a +0 hand axe
  5437 | D:6      | Noticed a +0 hand axe
  5644 | D:6      | Noticed Eustachio
  5652 | D:6      | Killed Eustachio
  5653 | D:6      | Reached skill level 1 in Throwing
  6312 | D:6      | Found a runed translucent door.
  6313 | D:6      | Noticed Crazy Yiuf
  6492 | D:6      | Killed Crazy Yiuf
  6750 | D:7      | Noticed Menkaure
  6754 | D:7      | Killed Menkaure
  6755 | D:7      | Reached XP level 10. HP: 80/80 MP: 10/10
  6785 | D:7      | Noticed Joseph
  6794 | D:7      | Killed Joseph
  6893 | D:7      | Found a burning altar of Makhleb.
  7576 | D:7      | Found a white marble altar of Elyvilon.
  7735 | D:7      | Found a staircase to the Ecumenical Temple.
  8063 | D:8      | Found a bloodstained altar of Trog.
  8158 | D:8      | Noticed a two-headed ogre
  8167 | D:8      | Killed a two-headed ogre
  8320 | D:8      | Noticed a two-headed ogre
  8335 | D:8      | Killed a two-headed ogre
  9029 | D:9      | Noticed a two-headed ogre
  9041 | D:9      | Killed a two-headed ogre
  9042 | D:9      | Reached XP level 11. HP: 89/89 MP: 11/11
  9367 | D:9      | Noticed a two-headed ogre
  9373 | D:9      | Killed a two-headed ogre
  9374 | D:9      | Reached skill level 5 in Armour
  9374 | D:9      | Reached skill level 5 in Dodging
  9617 | D:9      | Reached *** piety under Trog
  9691 | D:9      | Reached skill level 10 in Fighting
  9707 | D:9      | Found a staircase to the Lair.
 10343 | D:10     | Entered Level 10 of the Dungeon
 10655 | D:10     | Noticed a tengu warrior
 10674 | D:10     | Killed a tengu warrior
 10675 | D:10     | Reached skill level 5 in Throwing
 10951 | D:10     | Found a staircase to the Orcish Mines.
 11384 | D:10     | Noticed a tengu warrior
 11402 | D:10     | Killed a tengu warrior
 11403 | D:10     | Reached skill level 10 in Axes
 11403 | D:10     | Reached XP level 12. HP: 97/97 MP: 12/12
 11871 | Lair:1   | Entered Level 1 of the Lair of Beasts
 12653 | Lair:2   | Noticed a seven-headed hydra
 12680 | Lair:2   | Slain by a seven-headed hydra

Illustrated notes

Levels and vault maps discovered:
D:1:      spicycebolla_arrival_xxxplode, layout_rooms,
          ebering_ecumenical_altar_rust
D:2:      layout_basic, uniq_jessica
D:3:      layout_basic, nemelex_spade_bored_becter, serial_shops,
          nicolae_diamond_shop, shop, nicolae_shop_stone,
          nicolae_shop_behind_doors, minivault_11, glass_columns_a,
          minmay_fractal_squares_gapless_5
D:4:      layout_basic, lemuel_tele_altar
D:5:      layout_loops_corners, mainiacjoe_overflow_catwalk, tso_metal_star,
          mainiacjoe_overflow_tiny_flanked, uniq_grinder, uniq_pikel
D:6:      layout_cave_pods, dancing_weapons_uskayaw, uniq_crazy_yiuf_cottage,
          uniq_eustachio
D:7:      layout_layer_cave, elyvilon_altar_1, old_standard_altar,
          minmay_temple_entry_grid, uniq_menkaure, uniq_joseph
D:8:      layout_basic, mainiacjoe_overflow_chevrons
D:9:      layout_loops_corners, due_lair_maze_entry_diamond
D:10:     layout_basic, hiddenorc2_lemuel, kennysheep_path_1, minmay_bent
Lair:1:   layout_hall_layers, lemuel_fruit_tree
Lair:2:   layout_cave_pods, nicolae_swamp_entry_splash_gauntlet,
          spider_nest_entry_a, gammafunk_ghost_grave, grunt_megastairs_3,
          serial_bayou_shore_b, uniq_erica

Skill      XL: |  1  2  3  4  5  6  7  8  9 10 11 |
---------------+----------------------------------+-----
Axes           | 4 5 6 8 10 | 10.6
Fighting       | 4 5 6 7 9 10 | 10.6
Maces & Flails | 1 4 6 7 |  7.4
Throwing       | 2 4 5 |  5.2
Armour         | 3 4 6 |  6.6
Dodging        | 3 4 6 |  6.6

Action                   |  1- 3 |  4- 6 |  7- 9 | 10-12 || total
-------------------------+-------+-------+-------+-------++-------
Melee: Hand axe          |    94 |    61 |    75 |   440 ||   670
       Punch             |     1 |     1 |     5 |     7 ||    14
       War axe           |       |    78 |    61 |       ||   139
       Whip              |       |       |    76 |       ||    76
Throw: Boomerang         |    19 |    16 |    41 |    55 ||   131
Invok: Berserk           |     2 |     4 |     9 |    20 ||    35
       Trog's Hand       |       |       |     2 |     4 ||     6
Evoke: Wand              |       |       |       |    10 ||    10
  Use: Scroll            |       |     4 |       |     2 ||     6
 Stab: Distracted        |       |     1 |       |       ||     1
Armor: Plate armour      |     8 |       |    26 |   172 ||   206
       Chain mail        |    55 |   101 |    66 |       ||   222
Dodge: Dodged            |    32 |    63 |    53 |   165 ||   313

Table legend: (Time is in decaauts)
 A = Elapsed time spent in this place.
 B = Non-inter-level travel time spent in this place.
 C = Inter-level travel time spent in this place.
 D = Time resting spent in this place.
 E = Time spent auto-exploring this place.
 F = Levels seen in this place.
 G = Mean time per level.
                   A        B        C        D        E       F      G
               +--------+--------+--------+--------+--------+-----+--------+
         Total |  12817 |  12314 |    503 |   1041 |   9588 |  12 | 1068.1 |
       Dungeon |  11999 |  11552 |    447 |    867 |   9129 |  10 | 1199.9 |
          Lair |    818 |    762 |     56 |    174 |    459 |   2 |  409.0 |
               +--------+--------+--------+--------+--------+-----+--------+

Top non-repeatable levels by time:
     D:5: 1781 daAuts
    D:10: 1464 daAuts
     D:7: 1442 daAuts
     D:9: 1308 daAuts
     D:4: 1241 daAuts
     D:6: 1140 daAuts
     D:8: 1075 daAuts
     D:3: 1066 daAuts
     D:2: 831 daAuts
  Lair:1: 701 daAuts
     D:1: 646 daAuts
  Lair:2: 116 daAuts
